 Dungeon Crawl Stone Soup version 0.28-a0-1206-g193881aaa2 (webtiles) character file.

Game seed: 2117043981540684279

752 zxpr0jk the Frost Mage (level 7, 0/75 HPs)
             Began as a Purple Draconian Ice Elementalist on Sept 27, 2021.
             Was a Believer of Ru.
             Succumbed to a gnoll's poison
             ... on level 5 of the Dungeon on Dec 21, 2021.
             The game lasted 00:22:56 (4301 turns).

zxpr0jk the Frost Mage (DrIE)                       Turns: 4301, Time: 00:22:56

Health: 0/75       AC: 37    Str: 13    XL:     7   Next: 49%
Magic:  12/15      EV:  2    Int: 16    God:    Ru [**....]
Gold:   145        SH:  0    Dex: 11    Spells: 12/17 levels left

rFire   . . .      SeeInvis .   d - +2 short sword (protect)
rCold   . . .      Faith    .   (no shield)
rNeg    . . .      Spirit   .   (armour unavailable)
rPois   +          Reflect  .   (helmet currently unavailable)
rElec   .          Harm     .   (cloak currently unavailable)
rCorr   .          Rampage  .   (gloves currently unavailable)
Will    +....      NoTele   +   (boots currently unavailable)
Stlth   ++........              (no amulet)
HPRegen 0.22/turn               b - ring of wizardry
MPRegen 0.14/turn               (no ring)

@: lethally poisoned (0 -> -14), ice-armoured, tree-form, under a protective
aura
A: stationary, stasis, torment immunity, boosted hp, (breathe power), AC +6,
unfitting armour, (cold-blooded), inability to use devices, (big wings), (talons
1), strong 1
a: Renounce Religion


You were on level 5 of the Dungeon.
You worshipped Ru.
Ru was pleased with you.
You were a tree.
You visited 1 branch of the dungeon, and saw 5 of its levels.

You collected 145 gold pieces.

Inventory:

Hand Weapons
 d - a +2 short sword of protection (weapon)
 o - a +2 dagger of venom
 v - a +5 spear
Armour
 g - a +0 pair of boots (melded)
 h - a +0 buckler
 r - a +0 hat (melded)
Magical Staves
 q - a staff of conjuration
Jewellery
 b - a ring of wizardry (left branch)
Scrolls
 a - 7 scrolls of identify
 c - a scroll of fog {unknown}
 f - a scroll of enchant armour {unknown}
 i - 3 scrolls of torment {unknown}
 p - a scroll of silence {unknown}
 u - 3 scrolls of teleportation {unknown}
Potions
 m - 2 potions of haste


   Skills:
 - Level 1.7 Dodging
 - Level 1.7 Stealth
 + Level 5.7 Spellcasting
 * Level 8.0 Ice Magic


You had 12 spell levels left.
You knew the following spells:

 Your Spells              Type           Power      Damage    Failure   Level
a - Freeze                Ice            100%       1d11      1%          1
b - Ozocubu's Armour      Ice            30%        N/A       1%          3
c - Apportation           Tloc           8%         N/A       6%          1

Your spell library contained the following spells:

 Spells                   Type           Power      Damage    Failure   Level
 Frozen Ramparts          Ice            60%        1d8       1%          3
 Animate Skeleton         Necr           8%         N/A       6%          1
 Summon Small Mammal      Summ           16%        N/A       6%          1
 Static Discharge         Conj/Air       4%         N/A       9%          2
 Hailstorm                Conj/Ice       17%        3d6       11%         4
 Petrify                  Tmut/Erth      4%         N/A       45%         4
 Statue Form              Tmut/Erth      2%         N/A       100%        6
 Dragon Form              Tmut           2%         N/A       100%        7


Dungeon Overview and Level Annotations

Branches:
Dungeon (5/15)             Temple (0/1) D:4

Altars:
Ru

Shops:
D:2 :   D:4 *


Innate Abilities, Weirdness & Mutations

You are a tree.
Your roots penetrate the ground, keeping you stationary.
You cannot be teleported.
You are immune to unholy pain and torment.
Your maximum health is greatly increased.
Your equipment is partially melded.
((You can breathe bolts of dispelling energy.))
((Your rich purple scales are hard. (AC +6)))
You cannot fit into any form of body armour.
((You are cold-blooded and may be slowed by cold attacks.))
You cannot study or use magical devices.
((Your large and strong wings let you fly.))
((You have sharp toenails.))
Your muscles are strong. (Str +2)


Message History

You hit the gnoll.
The gnoll is severely wounded.
You feel very sick. The gnoll barely misses you.
You hit the gnoll but do no damage.
The gnoll is severely wounded.
You feel very sick. The gnoll hits you but does no damage.
You are lethally poisoned!
You hit the gnoll.
The gnoll is almost dead.
You feel very sick. The gnoll hits you but does no damage.
You are more poisoned.
You hit the gnoll.
You kill the gnoll!
* * * LOW HITPOINT WARNING * * *
You feel extremely sick.
Your Ice Magic skill increases to level 8!
You barely miss the gnoll.
You tail-slap the gnoll, but do no damage.
The gnoll is lightly wounded.
* * * LOW HITPOINT WARNING * * *
You feel very sick. The gnoll hits you but does no damage.
It was a potion of lignification.
You turn into a tree.
Your +0 hat melds into your body.
Your +0 pair of boots melds into your body.
Your roots penetrate the ground.
* * * LOW HITPOINT WARNING * * *
You feel very sick. The gnoll hits you but does no damage.
Okay, then.
Okay, then.
Casting: Ozocubu's Armour (safe; 1% risk of failure)
Confirm with . or Enter, or press ? or * to list all spells.
Okay, then.
You hit the gnoll.
The gnoll is moderately wounded.
You die...

##.# .#.#
.#.#
######.#.#
#.#....#.#.#
#........#.#
###.##...#.#
#.
##.##.####
#g #.g♣....#
#. ####.##.#
#. #.##.# #.
#....# ..
######


You could see a gnoll.

Vanquished Creatures
  Menkaure (D:5)
  A water moccasin (D:5)
  A black bear (D:5)
  An ogre (D:4)
  3 wights (D:4)
  2 hounds (D:4)
  An orc priest (D:5)
  A jelly (D:5)
  2 gnolls (D:5)
  2 adders
  2 ufetubi (D:5)
  An adder skeleton (D:4)
  2 worms (D:2)
  2 dart slugs (D:2)
  5 orcs
  4 ball pythons
  6 bats
  8 endoplasms
  A giant cockroach (D:4)
  9 goblins
  7 hobgoblins
  7 kobolds
  4 quokkas
  A frilled lizard (D:3)
  4 rats
78 creatures vanquished.

Vanquished Creatures (others)
  A fungus (D:2)
1 creature vanquished.

Grand Total: 79 creatures vanquished

Notes
Turn   | Place    | Note
-------+----------+-------------------------------------------
     0 | D:1      | zxpr0jk the Draconian Ice Elementalist began the quest for
                  | the Orb.
     0 | D:1      | Reached XP level 1. HP: 14/14 MP: 3/3
   288 | D:1      | Reached XP level 2. HP: 20/20 MP: 1/5
  1039 | D:2      | Found Jauplesk's Book Shop.
  1048 | D:2      | Reached XP level 3. HP: 20/26 MP: 4/6
  1383 | D:2      | Reached skill level 5 in Ice Magic
  1632 | D:2      | Found a faded altar of an unknown god.
  1642 | D:2      | Became a worshipper of Ru the Awakened
  1667 | D:2      | Gained mutation: You cannot study or use magical devices.
                  | [Ru sacrifice]
  1667 | D:2      | Reached * piety under Ru
  1667 | D:2      | Reached ** piety under Ru
  1850 | D:2      | Upgraded the game from 0.28-a0-537-g3bccd9ccbf to
                  | 0.28-a0-622-gbaef9634d7
  1853 | D:2      | Upgraded the game from 0.28-a0-622-gbaef9634d7 to
                  | 0.28-a0-1206-g193881aaa2
  2008 | D:3      | Reached XP level 4. HP: 33/33 MP: 8/8
  2547 | D:4      | Noticed an ogre
  2564 | D:4      | Killed an ogre
  2565 | D:4      | Reached XP level 5. HP: 27/38 MP: 1/9
  2712 | D:4      | Found Nusy's Overcharged Wands.
  2720 | D:4      | Got Harphut's Papyrus of Lightness and Transformation
  2994 | D:4      | Found a staircase to the Ecumenical Temple.
  3040 | D:4      | Reached skill level 6 in Ice Magic
  3071 | D:4      | Learned a level 3 spell: Ozocubu's Armour
  3073 | D:4      | Learned a level 1 spell: Apportation
  3188 | D:4      | Reached XP level 6. HP: 19/45 MP: 8/11
  3625 | D:5      | Entered Level 5 of the Dungeon
  3762 | D:5      | Reached skill level 7 in Ice Magic
  3833 | D:5      | Noticed Menkaure
  3840 | D:5      | Gained mutation: Your large and strong wings let you fly.
                  | [potion of mutation]
  3840 | D:5      | Gained mutation: Your body sometimes deteriorates upon
                  | taking damage. [potion of mutation]
  3841 | D:5      | Lost mutation: Your large and strong wings let you fly.
                  | [potion of mutation]
  3841 | D:5      | Lost mutation: Your body sometimes deteriorates upon taking
                  | damage. [potion of mutation]
  3841 | D:5      | Gained mutation: You have supernaturally acute eyesight.
                  | (SInv) [potion of mutation]
  3841 | D:5      | Gained mutation: You are robust. (+10% HP) [potion of
                  | mutation]
  3852 | D:5      | Killed Menkaure
  3853 | D:5      | Your scales start taking on a rich purple colour.
  3853 | D:5      | Reached skill level 5 in Spellcasting
  3853 | D:5      | Reached XP level 7. HP: 35/55 MP: 12/15
  3854 | D:5      | Lost mutation: You are robust. (+10% HP) [potion of
                  | mutation]
  3854 | D:5      | Lost mutation: You have supernaturally acute eyesight.
                  | (SInv) [potion of mutation]
  3854 | D:5      | Gained mutation: You have sharp toenails. [potion of
                  | mutation]
  3854 | D:5      | Gained mutation: Your large and strong wings let you fly.
                  | [potion of mutation]
  3854 | D:5      | Gained mutation: Your muscles are strong. (Str +2) [potion
                  | of mutation]
  4299 | D:5      | Reached skill level 8 in Ice Magic
  4301 | D:5      | Succumbed to a gnoll's poison

Illustrated notes

Levels and vault maps discovered:
D:1:      dpeg_arrival_another_circle, layout_rooms, hangedman_feature_mirror,
          hangedman_abyss_or_decor_lesser_grid
D:2:      layout_rooms, shapermc_ecumenical_altar_gd, serial_shops, shop
D:3:      layout_basic
D:4:      layout_loops_ring, minmay_temple_entry_enclosed_plants,
          nicolae_shop_overcharged_wands
D:5:      layout_basic, uniq_menkaure, uniq_eustachio

Skill      XL: |  1  2  3  4  5  6  7 |
---------------+----------------------+-----
Ice Magic      | 5 6 7 8 |  8.0
Spellcasting   | 3 5 |  5.7
Dodging        | |  1.7
Stealth        | |  1.7

Action                   |  1- 3 |  4- 6 |  7- 9 || total
-------------------------+-------+-------+-------++-------
Melee: Unarmed           |    12 |       |       ||    12
       Tailslap          |     5 |     7 |     2 ||    14
       Short sword       |    36 |   103 |    33 ||   172
 Cast: Freeze            |    50 |    15 |     4 ||    69
       Ozocubu's Armour  |       |     5 |     3 ||     8
Invok: Sacrifice Artific |     1 |       |       ||     1
  Use: Potion            |       |     6 |     4 ||    10
       Scroll            |       |     2 |       ||     2
 Stab: Sleeping          |     1 |     3 |       ||     4
Armor: Skin              |    23 |    46 |    25 ||    94
Dodge: Dodged            |    61 |    69 |    30 ||   160

Table legend: (Time is in decaauts)
 A = Elapsed time spent in this place.
 B = Non-inter-level travel time spent in this place.
 C = Inter-level travel time spent in this place.
 D = Time resting spent in this place.
 E = Time spent auto-exploring this place.
 F = Levels seen in this place.
 G = Mean time per level.
                   A        B        C        D        E       F      G
               +--------+--------+--------+--------+--------+-----+--------+
         Total |   4314 |   4177 |    137 |    485 |   2925 |   5 |  862.8 |
       Dungeon |   4314 |   4177 |    137 |    485 |   2925 |   5 |  862.8 |
               +--------+--------+--------+--------+--------+-----+--------+

Top non-repeatable levels by time:
     D:4: 1138 daAuts
     D:1: 1040 daAuts
     D:2: 831 daAuts
     D:5: 668 daAuts
     D:3: 634 daAuts
